 Dungeon Crawl Stone Soup version 0.30-a0-1066-g63dfefce0d (webtiles) character file.

Game seed: 7224908883109497611

84 BubbleThief the Cudgeller (level 4, -3/44 HPs)
             Began as a Naga Cinder Acolyte on Apr 12, 2023.
             Was a High Priest of Ignis.
             Slain by Grinder (10 damage)
             ... on level 3 of the Dungeon.
             The game lasted 00:02:41 (1528 turns).

BubbleThief the Cudgeller (Naga Cinder Acolyte)     Turns: 1528, Time: 00:02:42

Health: -3/44      AC:  3    Str: 19    XL:     4   Next: 45%
Magic:  2/5        EV:  9    Int: 14    God:    Ignis [*****.]
Gold:   165        SH:  0    Dex:  6    Spells: 3/5 levels left

rFire   + . .      SeeInvis +    a - -1 mace (flame)
rCold   . . .      Faith    .    (no shield)
rNeg    . . .      Spirit   .    b - +0 robe
rPois   +          Reflect  .    (no helmet)
rElec   .          Rampage  .    e - +0 cloak
rCorr   .                        (no gloves)
Will    .....                    (no barding)
Stlth   +                        (no amulet)
HPRegen 0.27/turn                (no ring)
MPRegen 0.09/turn                (no ring)

@: short of breath, very slow
A: AC +1, large, see invisible, deformed body, poison resistance, slowness 2,
spit poison 1, naga tail 1
a: Spit Poison, Renounce Religion, Fiery Armour, Foxfire Swarm, Rising Flame


You were on level 3 of the Dungeon.
You worshipped Ignis.
Ignis was extremely pleased with you.
You visited 1 branch of the dungeon, and saw 3 of its levels.

You collected 165 gold pieces.

Inventory:

Hand Weapons
 a - a -1 mace of flaming (weapon)
Armour
 b - a +0 robe (worn)
 e - a +0 cloak (worn)
Scrolls
 c - 2 scrolls of vulnerability {unknown}
 d - 3 scrolls of identify {unknown}
 f - a scroll of enchant weapon {unknown}
 i - a scroll of noise {unknown}
Potions
 g - a potion of curing {unknown}
 h - a potion of heal wounds {unknown}


   Skills:
 + Level 3.8 Fighting
 * Level 4.5 Maces & Flails
 - Level 1.0 Spellcasting
 - Level 3.0 Fire Magic


You had 3 spell levels left.
You knew the following spells:

 Your Spells              Type           Power      Damage    Failure   Level
a - Scorch                Fire           18%        2d6       12%         2

Your spell library contained the following spells:

 Spells                   Type           Power      Damage    Failure   Level


Dungeon Overview and Level Annotations

Branches:
Dungeon (3/15)

Altars:

Annotations:
D:3 Grinder


Innate Abilities, Weirdness & Mutations

Your serpentine skin is tough. (AC +1)
You have supernaturally acute eyesight. (SInv)
Armour fits poorly on your strangely shaped body.
Your system is resistant to poisons. (rPois)
You cover ground very slowly.
You can spit poison.
You have a snake-like lower body.


Message History

Casting: Scorch (safe; 12% risk of failure)
Confirm with . or Enter, or press ? or * to list all spells.
You don't have enough magic to cast this spell.
You aren't carrying any items that you can evoke.
Grinder gestures at you.
You suddenly lose the ability to move!
You can move again.
You barely miss Grinder.
Grinder is lightly wounded.
You have got your breath back.
Grinder is no longer more vulnerable to fire.
Grinder says, "There's only one good use for a tongue: cutting it out."
Grinder gestures at you. Pain shoots through your body!
You sock Grinder! You burn Grinder.
Grinder is heavily wounded.
Grinder hits you but does no damage. Grinder hits you.
You writhe in agony.
You hit Grinder. You burn Grinder.
Grinder is heavily wounded.
Grinder misses you.
You hit Grinder but do no damage.
Grinder is heavily wounded.
Grinder closely misses you.
Your magical contamination has completely faded away.
Aiming: Spit Poison (1% risk of failure)
Press: ? - help, Shift-Dir - straight line, f/p - Grinder
Aim: Grinder (heavily wounded, 54% to hit)
The splash of poison hits Grinder.
Grinder completely resists.
Grinder is heavily wounded.
Grinder hits you!
* * * LOW HITPOINT WARNING * * *
You writhe in agony.
* * * LOW HITPOINT WARNING * * *
You hit Grinder. You burn Grinder.
Grinder is heavily wounded.
Grinder barely misses you.
You hit Grinder. You burn Grinder.
Grinder is heavily wounded.
Grinder hits you!
You die...

#...# #.###. ......
........ ..... .......#
....)#####..####.#
#.............##.#
....#............#
#.....)...#.##l#
###...#####.#.##5#######
....).# #.#.##@.......
)##...# ###.#.##.#######
......###.....##.#
.##..†.##.....##.#
.##..............#
........<.....####
.##.........(....######
#...................#
.##.......#.#.##.####.#


You could see Grinder and a frilled lizard.

Vanquished Creatures
  2 adders (D:2)
  A white imp (D:3)
  2 worms
  A dart slug (D:1)
  An orc (D:2)
  6 ball pythons
  3 endoplasms
  A giant cockroach (D:3)
  7 goblins
  3 hobgoblins
  4 quokkas
  5 bats
  2 frilled lizards
  7 kobolds
  3 rats (D:1)
48 creatures vanquished.

Notes
Turn   | Place    | Note
-------+----------+-------------------------------------------
     0 | D:1      | BubbleThief the Naga Cinder Acolyte began the quest for the
                  | Orb.
     0 | D:1      | Reached XP level 1. HP: 21/21 MP: 2/2
    89 | D:1      | Reached XP level 2. HP: 16/28 MP: 3/3
   552 | D:1      | Reached XP level 3. HP: 34/34 MP: 4/4
   694 | D:2      | Learned a level 2 spell: Scorch
   712 | D:2      | Reached skill level 4 in Maces & Flails
  1248 | D:3      | Reached XP level 4. HP: 26/44 MP: 0/5
  1515 | D:3      | Noticed Grinder
  1520 | D:3      | Paralysed by Grinder for 2 turns
  1528 | D:3      | Slain by Grinder

Illustrated notes

Levels and vault maps discovered:
D:1:      dpeg_arrival_line_fractal, layout_basic, nicolae_figureground_pulse
D:2:      layout_rooms
D:3:      layout_loops_ring, minmay_diced_spiral, uniq_grinder

Skill      XL: |  1  2  3 |
---------------+----------+-----
Maces & Flails | 4 |  4.5
Fighting       | |  3.8
Spellcasting   | |  1.0
Fire Magic     | |  3.0

Action                     |  1- 3 |  4- 6 || total
---------------------------+-------+-------++-------
  Melee: Mace              |    51 |    15 ||    66
   Cast: Scorch            |    10 |     2 ||    12
 Invoke: Fiery Armour      |       |     1 ||     1
Ability: Spit Poison       |    28 |     6 ||    34
 Armour: Robe              |    13 |    12 ||    25
  Dodge: Dodged            |    37 |    15 ||    52

Table legend: (Time is in decaauts)
 A = Elapsed time spent in this place.
 B = Non-inter-level travel time spent in this place.
 C = Inter-level travel time spent in this place.
 D = Time resting spent in this place.
 E = Time spent auto-exploring this place.
 F = Levels seen in this place.
 G = Mean time per level.
                   A        B        C        D        E       F      G
               +--------+--------+--------+--------+--------+-----+--------+
         Total |   1887 |   1823 |     64 |    145 |   1342 |   3 |  629.0 |
       Dungeon |   1887 |   1823 |     64 |    145 |   1342 |   3 |  629.0 |
               +--------+--------+--------+--------+--------+-----+--------+

Top non-repeatable levels by time:
     D:1: 883 daAuts
     D:2: 720 daAuts
     D:3: 282 daAuts
